 Dungeon Crawl Stone Soup version 0.30-a0-570-g486de37d69 (webtiles) character file.

Game seed: 3652841625284268244

291 Dirtsage the Changer (level 6, 0/31 (38) HPs)
             Began as an Octopode Transmuter on Dec 29, 2022.
             Slain by a wight
             ... wielding a +3 short sword
              (1 damage)
             ... on level 4 of the Dungeon.
             The game lasted 00:08:33 (2790 turns).

Dirtsage the Changer (Octopode Transmuter)          Turns: 2790, Time: 00:08:34

HP:   0/31 (38)     AC:  1    Str: 10    XL:     6   Next: 32%
MP:   8/9           EV: 13    Int: 17    God:
Gold: 229           SH:  0    Dex: 12    Spells: 3/9 levels left

rFire   . . .      SeeInvis .      - Unarmed
rCold   . . .      Faith    .    (no shield)
rNeg    . . .      Spirit   .    (helmet currently unavailable)
rPois   .          Reflect  .    (no amulet)
rElec   .          Harm     .    (no ring)
rCorr   .          Rampage  .    (no ring)
Will    .....                    (no ring)
Stlth   ++                       (no ring)
HPRegen 0.25/turn                (no ring)
MPRegen 0.11/turn                (no ring)
                                 (no ring)
                                 (no ring)

@: appendages, heavily drained
A: tentacle spike 3, almost no armour, amphibious, 8 rings, camouflage 1,
gelatinous body 1, (nimble swimmer 1), tentacles
a: End Transformation


You were on level 4 of the Dungeon.
One of your tentacles had grown a beastly spike.
You visited 2 branches of the dungeon, and saw 5 of its levels.

You collected 229 gold pieces.

Inventory:

Missiles
 g - 2 throwing nets
Wands
 l - a wand of paralysis (12)
Scrolls
 c - 3 scrolls of teleportation {unknown}
 e - 2 scrolls of fog {unknown}
 f - 2 scrolls of fear {unknown}
 j - 4 scrolls of identify {unknown}
 k - a scroll of amnesia {unknown}
 m - a scroll of enchant weapon {unknown}
Potions
 a - 4 potions of lignification
 b - a potion of degeneration {unknown}
 d - a potion of flight {unknown}
 h - 4 potions of mutation {unknown}
 i - 2 potions of invisibility {unknown}


   Skills:
 - Level 1.0 Fighting
 - Level 2.0 Dodging
 - Level 3.0 Unarmed Combat
 - Level 2.0 Spellcasting
 + Level 4.0 Transmutations
 + Level 3.3 Ice Magic
 - Level 4.0 Poison Magic


You had 3 spell levels left.
You knew the following spells:

 Your Spells              Type           Power      Damage    Failure   Level
a - Beastly Appendage     Tmut           30%        N/A       3%          1
b - Wereblood             Tmut           15%        N/A       5%          2
c - Spider Form           Tmut/Pois      15%        N/A       11%         3

Your spell library contained the following spells:

 Spells                   Type           Power      Damage    Failure   Level
 Magic Dart               Conj           4%         1d3       19%         1
 Call Imp                 Summ           1%         N/A       28%         2
 Sublimation of Blood     Necr           1%         N/A       28%         2
 Mephitic Cloud           Conj/Pois/Air  6%         N/A       34%         3
 Tukima's Dance           Hex            1%         N/A       50%         3
 Ice Form                 Ice/Tmut       14%        N/A       38%         4
 Petrify                  Tmut/Erth      8%         N/A       63%         4
 Passage of Golubria      Tloc           1%         N/A       88%         4
 Irradiate                Conj/Tmut      4%         3d13      93%         5
 Yara's Violent Unravell  Hex/Tmut       4%         3d4       93%         5


Dungeon Overview and Level Annotations

Branches:
Dungeon (4/15)             Temple (1/1) D:4

Altars:
Ashenzari
Cheibriados
Dithmenos
Elyvilon
Gozag
Kikubaaqudgha
Makhleb
Nemelex Xobeh
Okawaru
Sif Muna
Uskayaw
Vehumet
Wu Jian
Xom

Shops:
D:3 (


Innate Abilities, Weirdness & Mutations

One of your tentacles has grown a beastly spike.
You cannot wear most types of armour.
You are amphibious.
You can wear up to eight rings at the same time.
Your skin changes colour to match your surroundings (Stealth+).
Your rubbery body absorbs attacks. (AC +1, EV +1)
((You are camouflaged when in or above water. (Stealth+)))
You have tentacles for arms and can constrict up to eight enemies at once.


Message History

One of your tentacles grows a vicious spike.
Health restored: 38 You now have 8/9 mp.
You tentacle-slap the wight but do no damage.
Your grab misses the wight.
The wight hits you with a +3 short sword.
You feel drained.
You take 6 damage, and have 32/36 hp.
You tentacle-slap the wight but do no damage.
You grab the wight.
You pierce the wight.
The wight is lightly damaged.
You constrict the wight, but do no damage.
The wight hits you with a +3 short sword.
You feel drained.
You take 7 damage, and have 25/34 hp.
MASSIVE DAMAGE!!
You tentacle-slap the wight. You squeeze the wight.
The wight is severely damaged.
You constrict the wight, but do no damage.
The wight struggles to escape constriction.
You tentacle-slap the wight but do no damage.
You squeeze the wight.
The wight is almost destroyed.
You constrict the wight, but do no damage.
The wight struggles to escape constriction.
You release your grip on the wight.
You closely miss the wight. You grab the wight.
You pierce the wight, but do no damage.
The wight is almost destroyed.
You constrict the wight, but do no damage.
The wight hits you with a +3 short sword!
You feel drained.
You take 14 damage, and have 12/33 hp.
MASSIVE DAMAGE!!
You tentacle-slap the wight but do no damage.
You pierce the wight, but do no damage.
You squeeze the wight.
The wight is almost destroyed.
You constrict the wight, but do no damage.
The wight hits you with a +3 short sword!
* * * LOW HITPOINT WARNING * * *
You feel drained.
You die...

.....# .....# .....# ...
.....# +######..... ######
.....#
...........###....##.....#
...........#.....z#......#
...........#....@z'......#
...........#......#......#
..........<#......#......#
...........#......#......#
...........#..)...#......#
...........#......#......#
...........#'####.####...#
########........#.####...#
#........#....#


You could see 2 wights.

Vanquished Creatures
  Blork the orc (D:4)
  Jessica (D:2)
  10 gnolls
  2 adders
  2 worms
  2 dart slugs
  An orc (D:3)
  6 endoplasms
  6 giant cockroaches
  5 goblins
  9 hobgoblins
  2 jackals (D:3)
  8 kobolds
  2 quokkas
  2 ball pythons (D:1)
  7 bats
  4 frilled lizards
  12 rats
82 creatures vanquished.

Notes
Turn   | Place    | Note
-------+----------+-------------------------------------------
     0 | D:1      | Dirtsage the Octopode Transmuter began the quest for the
                  | Orb.
     0 | D:1      | Reached XP level 1. HP: 13/13 MP: 3/3
     3 | D:1      | Noticed an electric eel
     4 | D:1      | Noticed an electric eel
    69 | D:1      | You fall into a shaft and drop 1 floor!
   266 | D:2      | Reached XP level 2. HP: 15/18 MP: 5/5
   401 | D:2      | Reached skill level 1 in Ice Magic
   401 | D:2      | Reached skill level 1 in Poison Magic
   628 | D:1      | Reached XP level 3. HP: 18/23 MP: 4/6
   631 | D:1      | Learned a level 2 spell: Wereblood
   635 | D:1      | Learned a level 3 spell: Spider Form
   971 | D:1      | Found a faded altar of an unknown god.
  1372 | D:2      | Noticed Jessica
  1383 | D:2      | Killed Jessica
  1384 | D:2      | Reached XP level 4. HP: 28/28 MP: 1/7
  1801 | D:3      | Found Xeunacos's Weapon Emporium.
  1953 | D:3      | Reached XP level 5. HP: 15/33 MP: 0/8
  2508 | D:4      | Found a staircase to the Ecumenical Temple.
  2518 | Temple   | Entered the Ecumenical Temple
  2662 | D:4      | Reached XP level 6. HP: 34/38 MP: 6/9
  2745 | D:4      | Noticed Blork the orc
  2755 | D:4      | Killed Blork the orc
  2790 | D:4      | HP: 1/33 [wight/+3 short sword (11)]
  2790 | D:4      | Slain by a wight

Illustrated notes

Levels and vault maps discovered:
D:1:      arrival_aquarium_b, layout_basic, shapermc_ecumenical_altar_acropolis
D:2:      minmay_wonky_spiral, layout_loops_corners, nrook_mini_backslash,
          uniq_jessica
D:3:      layout_basic, serial_shops, nicolae_shop_behind_doors
D:4:      layout_gridville, minmay_temple_entry_waves, portal_sewer_entry_e,
          uniq_blork_the_orc
Temple:   eino_temple_scatter_basement

Skill      XL: |  1  2  3  4  5  6 |
---------------+-------------------+-----
Ice Magic      | 1 2 3 |  3.3
Poison Magic   | 1 2 3 4 |  4.0
Transmutations | 3 4 |  4.0
Fighting       | |  1.0
Dodging        | |  2.0
Unarmed Combat | |  3.0
Spellcasting   | |  2.0

Action                   |  1- 3 |  4- 6 || total
-------------------------+-------+-------++-------
Melee: Unarmed           |    85 |    95 ||   180
       Constrict         |    26 |    24 ||    50
       Tentacles         |    15 |     9 ||    24
       Kick              |     9 |    24 ||    33
       Punch             |     4 |     1 ||     5
 Cast: Beastly Appendage |    12 |    10 ||    22
       Spider Form       |     1 |     3 ||     4
       Wereblood         |       |     3 ||     3
 Stab: Sleeping          |     7 |     5 ||    12
Armor: Skin              |     9 |     5 ||    14
Dodge: Dodged            |    63 |    53 ||   116

Table legend: (Time is in decaauts)
 A = Elapsed time spent in this place.
 B = Non-inter-level travel time spent in this place.
 C = Inter-level travel time spent in this place.
 D = Time resting spent in this place.
 E = Time spent auto-exploring this place.
 F = Levels seen in this place.
 G = Mean time per level.
                   A        B        C        D        E       F      G
               +--------+--------+--------+--------+--------+-----+--------+
         Total |   2779 |   2692 |     87 |     57 |   1821 |   5 |  555.8 |
       Dungeon |   2675 |   2596 |     79 |     57 |   1821 |   4 |  668.8 |
        Temple |    103 |     95 |      8 |      0 |      0 |   1 |  103.0 |
               +--------+--------+--------+--------+--------+-----+--------+

Top non-repeatable levels by time:
     D:2: 1036 daAuts
     D:1: 708 daAuts
     D:3: 680 daAuts
     D:4: 251 daAuts
  Temple: 103 daAuts
